 Dungeon Crawl Stone Soup version 0.28.0-53-g5a82cb258f (webtiles) character file.

Game seed: 2045564490238234960

50 quixfox the Chopper (level 3, 0/33 HPs)
             Began as a Hill Orc Fighter on July 9, 2022.
             Slain by a gnoll
             ... wielding a +0 halberd
              (6 damage)
             ... on level 2 of the Dungeon.
             The game lasted 00:01:16 (1020 turns).

quixfox the Chopper (Hill Orc Fighter)              Turns: 1020, Time: 00:01:16

Health: 0/33       AC:  7    Str: 20    XL:     3   Next: 79%
Magic:  3/3        EV:  9    Int:  8    God:
Gold:   43         SH:  4    Dex: 10    Spells: 2/2 levels left

rFire   . . .      SeeInvis .   a - +0 war axe
rCold   . . .      Faith    .   c - +0 buckler
rNeg    . . .      Spirit   .   b - +0 scale mail
rPois   +          Reflect  .   (no helmet)
rElec   .          Harm     .   (no cloak)
rCorr   .          Rampage  .   (no gloves)
Will    .....                   (no boots)
Stlth   ..........              (no amulet)
HPRegen 0.11/turn               h - ring of poison resistance
MPRegen 0.08/turn               (no ring)

@: no status effects
A: no striking features
a: no special abilities


You were on level 2 of the Dungeon.
You visited 1 branch of the dungeon, and saw 2 of its levels.

You collected 43 gold pieces.

Inventory:

Hand Weapons
 a - a +0 war axe (weapon)
Armour
 b - a +0 scale mail (worn)
 c - a +0 buckler (worn)
Jewellery
 h - a ring of poison resistance (left hand)
Scrolls
 e - 2 scrolls of identify {unknown}
 f - a scroll of teleportation {unknown}
Potions
 d - a potion of might
 g - a potion of mutation {unknown}


   Skills:
 + Level 4.2 Fighting
 * Level 4.2 Axes
 + Level 3.8 Armour
 - Level 3.2 Shields


You had 2 spell levels left.
You didn't know any spells.
Your spell library was empty.

Dungeon Overview and Level Annotations

Branches:
Dungeon (2/15)

Altars:


Message History

The kobold shouts!
You see here a +0 whip.
You barely miss the gnoll.
A gnoll comes into view. It is wielding a +0 spear.
The gnoll closely misses you.
You closely miss the gnoll.
The gnoll shouts!
The gnoll barely misses you.
You slash the gnoll!
The gnoll is severely wounded.
The gnoll hits you but does no damage. The gnoll hits you with a +0 hand axe.
You hit the gnoll.
The gnoll is almost dead.
You closely miss the kobold. The gnoll misses you.
The gnoll closely misses you. The kobold hits you but does no damage.
The kobold hits you but does no damage. You block the gnoll's attack.
The gnoll hits you but does no damage. The gnoll barely misses you.
You closely miss the kobold. The kobold hits you with a +0 club.
The gnoll hits you from afar with a +0 spear.
The kobold hits you with a +0 club.
You barely miss the kobold. The kobold barely misses you.
You hit the kobold.
You kill the kobold!
You hit the gnoll.
You kill the gnoll!
The gnoll hits you from afar with a +0 spear.
The gnoll hits you but does no damage. x2
You barely miss the gnoll. The gnoll hits you with a +0 spear.
You block the gnoll's attack.
You slash the gnoll!
The gnoll is almost dead.
The gnoll closely misses you.
The gnoll hits you from afar with a +0 halberd.
* * * LOW HITPOINT WARNING * * *
The gnoll barely misses you.
You slash the gnoll!
You kill the gnoll!
The gnoll hits you from afar with a +0 halberd.
You die...

+### ..####
..>.. ..
#..##### #.
###....... ..
#....# #. #.#..#
#..#<#@.####
#.###)..†.#
####..†g#.##.#
#.....).#.# .#
.......?.#+# .#
#.......... :.
..♣...≈.♣......
##.....≈≈≈......
##.≈.≈≈≈≈......


You could see a gnoll.

Vanquished Creatures
  3 gnolls (D:2)
  A dart slug (D:1)
  3 ball pythons
  A bat (D:1)
  2 endoplasms (D:1)
  A goblin (D:1)
  3 hobgoblins
  4 quokkas
  2 frilled lizards (D:1)
  5 kobolds
  A rat (D:1)
26 creatures vanquished.

Notes
Turn   | Place    | Note
-------+----------+-------------------------------------------
     0 | D:1      | quixfox the Hill Orc Fighter began the quest for the Orb.
     0 | D:1      | Reached XP level 1. HP: 19/19 MP: 1/1
   108 | D:1      | Reached XP level 2. HP: 27/27 MP: 2/2
   907 | D:2      | Reached XP level 3. HP: 28/33 MP: 3/3
  1020 | D:2      | Slain by a gnoll

Illustrated notes

Levels and vault maps discovered:
D:1:      matt_arrival_los_fun, layout_rooms, chequers_serial_rivers_micro_a,
          st_stairs_6, minmay_tromino_i4
D:2:      layout_basic, basic_ecumenical_altar, minivault_26,
          chequers_serial_rivers_marsh, uniq_robin

Skill      XL: |  1  2  3 |
---------------+----------+-----
Axes           | 3 4 |  4.2
Fighting       | 4 |  4.2
Armour         | |  3.8
Shields        | |  3.2

Action                   || total
-------------------------++-------
Melee: War axe           ||    80
Armor: Scale mail        ||    33
Dodge: Dodged            ||    49
Block: Buckler           ||    13
